 Dungeon Crawl Stone Soup version 0.15-a0-60-g2d7d1c5 (webtiles) character file.

4537 EdwardR the Cleaver (level 10, -24/90 HPs)
             Began as a Hill Orc Fighter on Apr 5, 2014.
             Was a Follower of Okawaru.
             Killed from afar by an ogre mage (44 damage)
             ... with a bolt of fire
             ... on Level 9 of the Dungeon on Apr 6, 2014.
             The game lasted 00:26:23 (9373 turns).

EdwardR the Cleaver (Hill Orc Fighter)              Turns: 9373, Time: 00:26:23

HP -24/90        AC 15     Str 31      XL: 10   Next: 33%
MP  10/10        EV  7     Int  8      God: Okawaru [*.....]
Gold 223         SH 27     Dex 10      Spells:  0 memorised,  9 levels left

rFire  . . .     SeeInvis +     a - +1,-1 war axe
rCold  . . .     Clarity  .     i - +0 chain mail
rNeg   . . .     Conserve .     c - +2 shield
rPois  .         rCorr    .     g - +1 helmet
rElec  .         rRot     .     D - +0 cloak
SustAb . .       Spirit   .     l - +0 pair of gloves
rMut   +         Warding  .     (no boots)
Saprov + . .     Stasis   .     t - amulet of resist mutation
MR     .....                    y - +3 ring of strength
                                k - ring of see invisible

@: mighty, lethally poisoned, not resistant to hostile enchantments, extremely
unstealthy
A: saprovore 1
a: Heroism, Renounce Religion, Convert to Beogh


You were on level 9 of the Dungeon.
You worshipped Okawaru.
Okawaru was aware of your devotion.
You were not hungry.

You visited 2 branches of the dungeon, and saw 10 of its levels.
You also visited: Sewer.

You collected 223 gold pieces.

Inventory:

Hand weapons
 a - a +1,-1 war axe (weapon)
 A - the +6,+8 dagger of the Orcish Mines {vamp, *Rage +Fly rN+}
   (You found it on level 5 of the Dungeon)

   It inflicts no extra harm, but heals its wielder somewhat when it strikes a
   living foe.
   It protects you from negative energy.
   It lets you fly.
   It may make you go berserk in combat.
Armour
 b - a +0 scale mail
 c - a +2 shield (worn)
 g - a +1 helmet (worn)
 i - a +0 chain mail (worn)
 l - a +0 pair of gloves (worn)
 D - a +0 cloak (worn)
Magical devices
 m - a wand of confusion (7) {unknown}
 q - a wand of teleportation (9) {unknown}
 C - a wand of slowing (13) {unknown}
Comestibles
 o - a meat ration
 v - an apple
 x - 2 beef jerkies
 z - 13 sultanas
 L - 14 cheeses
Scrolls
 f - 4 scrolls of teleportation
 h - 2 scrolls of recharging
 p - 2 scrolls of remove curse
 F - a scroll of fear
Jewellery
 d - an uncursed ring of positive energy
 k - a ring of see invisible (left hand)
 s - an uncursed ring of regeneration
 t - an amulet of resist mutation (around neck)
 u - an uncursed amulet of stasis
 y - a +3 ring of strength (right hand)
 B - an uncursed ring of protection from cold
 E - an uncursed ring of wizardry
Potions
 e - 4 potions of might
 n - 3 potions of restore abilities
 r - a potion of resistance
 J - 2 potions of magic
Books
 j - a book of Enchantments

   Spells                             Type                      Level
   Cause Fear                         Hexes                        4
   Silence                            Hexes/Air                    5
   Tukima's Dance                     Hexes                        5
   Deflect Missiles                   Charms/Air                   6
   Haste                              Charms                       6
   Discord                            Hexes                        8
 w - a book of Callings

   Spells                             Type                      Level
   Summon Small Mammal                Summoning                    1
   Call Imp                           Summoning                    2
   Call Canine Familiar               Summoning                    3
   Summon Guardian Golem              Hexes/Summoning              4
   Summon Lightning Spire             Summoning/Air                4
   Summon Ice Beast                   Ice/Summoning                4


   Skills:
 * Level 8.5 Fighting
 + Level 9.0 Axes
 + Level 7.2 Armour
 + Level 5.4 Dodging
 - Level 0.1 Stealth
 + Level 8.7 Shields


You had 9 spell levels left.
You didn't know any spells.

Dungeon Overview and Level Annotations

Branches:
Dungeon (9/15)             Temple (1/1) D:7
    Orc: D:9-12        Lair: D:8-11

Altars:
Ashenzari
Cheibriados
Dithmenos
Elyvilon
Fedhas
Kikubaaqudgha
Makhleb
Nemelex Xobeh
Okawaru
Sif Muna
Trog
Vehumet
Xom
Yredelemnul
Zin
The Shining One


Innate Abilities, Weirdness & Mutations

You can tolerate rotten meat.


Message History

You feel sick. Psyche casts a spell at you.
The puff of flame hits the hobgoblin.
The hobgoblin dies!
The ogre mage gestures at you while chanting.
The bolt of cold misses you. You block the hobgoblin's attack.
You feel sick. You block Psyche's attack. The ogre mage casts a spell at you.
The crystal spear hits you!
* * * LOW HITPOINT WARNING * * *
You block Psyche's attack. The hobgoblin closely misses you.
You slash Psyche!
You kill Psyche!
Okawaru accepts your kill.
Your Axes skill increases to level 9!
You feel sick.
The hobgoblin hits you but does no damage.
The ogre mage casts a spell at you. The bolt of fire hits you!
You die...

#.....................
#......##.#####..###.#
#......##.# #..# #......##.#
#..# . #######)#######.##
##..##.. o(((......... ...
...... #######.##### #.#
#...#
#######.#######O####...##....
g.......>.o.....@.)..........
......#.#######g####..?###.##
......# #.# #...# ........
... ....# ....... .....
...... ....... .....###...###
####### ###...# #...# # #...#
###.# . ...


You could see an ogre mage, an orc priest and a hobgoblin.

Vanquished Creatures
  Psyche (D:9)
  The ghost of casual the Changer, an experienced OpTm (D:4)
  A troll (D:9)
  2 hungry ghosts
  A human (D:7)
  3 ice beasts
  A black bear (D:8)
  A sky beast (D:8)
  An ogre (D:8)
  An orc warrior (D:9)
  5 centaurs
  3 phantoms
  A big kobold (D:8)
  2 giant frogs
  2 scorpions
  A yak zombie (D:7)
  8 wights (D:7)
  2 hounds (D:4)
  A yellow wasp zombie (D:8)
  2 crimson imps
  2 jellies
  3 orc priests
  2 quasits
  2 iguanas
  4 sheep (D:7)
  An orange rat (Sewer)
  3 orc wizards
  7 worker ants
  A hound zombie (D:6)
  4 gnolls (D:4)
  9 adders
  A worm zombie (D:8)
  5 green rats (Sewer)
  An inept feature mimic (D:8)
  3 worms
  A goliath beetle zombie (D:7)
  A shadow imp (D:5)
  4 giant eyeballs
  4 giant geckos
  21 orcs
  3 ball pythons (Sewer)
  A bat zombie (D:6)
  2 giant cockroaches
  14 hobgoblins
  14 jackals
  A quokka (D:6)
  11 bats
  14 giant newts
  18 goblins
  A jackal zombie (D:7)
  16 kobolds
  An orc skeleton (D:7)
  A quokka zombie (D:3)
  23 rats
  A rat zombie (D:5)
240 creatures vanquished.

Vanquished Creatures (collateral kills)
  A hound (D:9)
  An adder (D:9)
  A shadow imp (D:9)
3 creatures vanquished.

Vanquished Creatures (others)
  A yak (D:6)
  A centaur (D:9)
  An orc wizard (D:9)
  A giant mite (D:6)
  An orc (D:6)
  3 hobgoblins
  A bat (D:6)
9 creatures vanquished.

Grand Total: 252 creatures vanquished

Notes
Turn   | Place    | Note
--------------------------------------------------------------
     0 | D:1      | EdwardR, the Hill Orc Fighter, began the quest for the Orb.
     0 | D:1      | Reached XP level 1. HP: 19/19 MP: 1/1
   208 | D:1      | Reached XP level 2. HP: 26/26 MP: 2/2
   579 | D:1      | Reached skill level 4 in Shields
   579 | D:1      | Reached XP level 3. HP: 29/33 MP: 3/3
  1236 | D:2      | Found a deep blue altar of Sif Muna.
  1280 | D:2      | Upgraded the game from 0.15-a0-58-gfb3cfe9 to 0.15-a0-60-g2d7d1c5
  1405 | D:2      | Reached XP level 4. HP: 40/40 MP: 4/4
  1797 | D:2      | Reached skill level 1 in Dodging
  2309 | D:3      | Reached XP level 5. HP: 46/46 MP: 5/5
  2579 | D:4      | Reached skill level 5 in Shields
  2598 | D:4      | Reached XP level 6. HP: 34/53 MP: 6/6
  2747 | D:4      | Noticed a phantom
  2786 | D:4      | Killed a phantom
  2852 | D:4      | Noticed casual's ghost (experienced OpTm)
  2869 | D:4      | Killed casual's ghost
  2869 | D:4      | Reached skill level 5 in Fighting
  2869 | D:4      | Reached skill level 5 in Axes
  2869 | D:4      | Reached XP level 7. HP: 57/61 MP: 7/7
  3354 | D:4      | Found a radiant altar of Vehumet.
  3436 | D:5      | Entered Level 5 of the Dungeon
  3504 | D:5      | Got a crude dagger
  3506 | D:5      | Identified the +6,+8 dagger of the Orcish Mines {vamp, *Rage +Fly rN+} (You found it on level 5 of the Dungeon)
  3934 | D:5      | Reached skill level 6 in Shields
  3973 | D:5      | Found a glowing silver altar of Zin.
  4002 | D:5      | Reached XP level 8. HP: 55/69 MP: 8/8
  4147 | D:5      | Reached skill level 5 in Armour
  4932 | D:6      | Found a shimmering altar of Xom.
  5204 | D:6      | Found a glowing drain.
  5286 | D:6      | Paralysed by a giant eyeball for 2 turns
  5302 | D:6      | Paralysed by a giant eyeball for 4 turns
  5310 | D:6      | Paralysed by a giant eyeball for 3 turns
  5400 | Sewer    | Entered a sewer
  6028 | D:7      | Reached skill level 7 in Shields
  6257 | D:7      | Reached XP level 9. HP: 75/78 MP: 9/9
  6522 | D:7      | Paralysed by a giant eyeball for 4 turns
  6529 | D:7      | Paralysed by a giant eyeball for 2 turns
  7079 | D:7      | Found a staircase to the Ecumenical Temple.
  7085 | Temple   | Entered the Ecumenical Temple
  7114 | Temple   | Became a worshipper of Warmaster Okawaru
  7846 | D:8      | Reached skill level 8 in Shields
  8010 | D:8      | Paralysed by a giant eyeball for 4 turns
  8092 | D:8      | Acquired Okawaru's first power
  8206 | D:8      | Reached XP level 10. HP: 68/88 MP: 10/10
  8217 | D:8      | Reached skill level 5 in Dodging
  8685 | D:8      | Found a bloodstained altar of Trog.
  9294 | D:9      | Found a radiant altar of Vehumet.
  9342 | D:9      | Noticed an ogre mage
  9342 | D:9      | Noticed Psyche
  9372 | D:9      | Killed Psyche
  9372 | D:9      | Reached skill level 9 in Axes
  9373 | D:9      | Killed from afar by an ogre mage

Action                   |  1- 3 |  4- 6 |  7- 9 | 10-12 || total
-------------------------+-------+-------+-------+-------++-------
Melee: War axe           |   166 |   221 |   603 |    88 ||  1078
  Use: Scroll            |     2 |     6 |    14 |     4 ||    26
       Potion            |     2 |     2 |     7 |     5 ||    16
